Map: Submarine LE

Players

Serral

  • Race: Zerg Zerg
  • League: Master
  • Spawn Location: 5:00

Reynor - Winner!

  • Race: Zerg Zerg
  • League: Master
  • Spawn Location: 11:00

Event: DreamHack SC2 Masters 2020 Fall

VOD

Have the link to the VOD?

Description

Time

  • Played on: Sept. 13, 2020, 2:55 p.m.
  • Length: 11:31

All games in this series

Show
View Real Time Build Order
Export as new Build Order

Serral Zerg 

Build Orders: Hatch First 

Get SALT Encoding   

  12  0:00  Drone  
  13  0:12  Overlord  
  13  0:16  Drone  
  14  0:30  Drone x2  
  16  0:47  Hatchery  
  15  0:50  Drone  
  15  0:54  Drone  
  17  1:08  Spawning Pool  
  17  1:10  Extractor  
  15  1:12  Drone  
  15  1:15  Drone  
  17  1:19  Drone  
  18  1:27  Drone  
  19  1:39  Drone  
  20  1:48  Overlord  
  20  1:55  Queen  
  20  1:58  Queen  
  20  2:00  Drone  
  20  2:01  Zergling x2  
  26  2:10  Metabolic Boost  
  26  2:11  Drone x2  
  28  2:20  Drone  
  28  2:21  Drone  
  30  2:34  Hatchery  
  29  2:38  Drone  
  29  2:39  Drone  
  31  2:46  Baneling Nest  
  31  2:47  Drone  
  31  2:51  Overlord  
  31  2:58  Zergling x2  
  32  2:59  Drone  
  32  3:03  Drone x3  
  36  3:09  Zergling x4  
  36  3:10  Drone  
  36  3:12  Drone  
  40  3:17  Overlord  
  40  3:20  Zergling x2  
  40  3:21  Zergling x2  
  42  3:29  Baneling  
  42  3:34  Queen  
  42  3:36  Overlord  
  42  3:38  Zergling x2  
  42  3:39  Evolution Chamber  
  42  3:41  Baneling  
  43  3:42  Drone x2  
  45  3:49  Drone  
  45  3:50  Roach Warren  
  45  3:52  Drone  
  45  3:53  Drone  
  48  3:55  Zergling x2  
  48  3:57  Drone  
  48  4:00  Drone  
  50  4:04  Extractor  
  50  4:06  Drone x2  
  50  4:08  Drone x2  
  50  4:09  Drone  
  54  4:14  Zerg Missile Weapons Level 1  
  54  4:16  Overlord  
  54  4:17  Drone  
  54  4:19  Drone  
  55  4:25  Lair  
  55  4:27  Drone x2  
  55  4:29  Drone, Extractor  
  57  4:32  Drone x2  
  57  4:34  Drone  
  60  4:39  Drone  
  60  4:40  Drone  
  60  4:44  Drone x5  
  67  4:48  Drone x2  
  67  4:51  Extractor  
  67  4:52  Overlord  
  68  4:55  Overlord  
  68  4:58  Drone  
  69  5:07  Drone x5  
  69  5:11  Drone x2, Extractor  
  69  5:12  Extractor  
  73  5:15  Drone  
  73  5:17  Pneumatized Carapace  
  73  5:19  Drone x2  
  73  5:20  Drone x2  
  78  5:22  Glial Reconstitution, Overseer  
  78  5:27  Overlord  
  78  5:28  Roach x3  
  84  5:32  Roach x2  
  88  5:36  Roach  
  88  5:41  Hatchery  
  89  5:43  Drone  
  89  5:48  Overseer  
  90  5:53  Evolution Chamber, Roach  
  90  5:54  Roach x3  
  97  5:57  Overlord  
  97  6:02  Overlord  
  97  6:05  Overlord  
  97  6:07  Overlord  
  97  6:15  Roach  
  97  6:16  Roach x3  
  105  6:20  Zerg Missile Weapons Level 2  
  105  6:22  Roach x3  
  105  6:23  Roach  
  113  6:28  Overlord  
  113  6:31  Zerg Ground Armor Level 1  
  113  6:32  Queen x2  
  117  6:35  Infestation Pit  
  117  6:36  Drone  
  117  6:37  Queen  
  119  6:43  Roach x3  
  119  6:44  Roach  
  127  6:48  Overlord x2  
  127  6:55  Drone  
  127  6:56  Drone  
  127  6:57  Drone  
  127  6:58  Spore Crawler  
  127  6:59  Drone, Spore Crawler  
  127  7:00  Drone, Spore Crawler  
  129  7:03  Drone x2  
  129  7:04  Drone  
  129  7:05  Drone  
  129  7:08  Ravager x4  
  137  7:10  Spore Crawler  
  137  7:12  Infestor x2  
  140  7:15  Infestor  
  140  7:18  Roach  
  140  7:22  Roach x3  
  150  7:30  Roach x5  
  159  7:38  Overlord x2  
  159  7:42  Overlord x3  
  156  7:45  Roach x2  
  156  7:48  Overlord  
  160  7:52  Overlord x2  
  160  7:58  Roach x4  
  168  8:03  Roach x4  
  168  8:04  Ravager  
  168  8:05  Ravager x2  
  179  8:12  Hydralisk Den  
  178  8:13  Extractor  
  178  8:18  Roach x7  
  188  8:26  Roach x5  
  175  8:35  Hive  
  172  8:42  Burrow, Drone x2  
  172  8:44  Roach x6  
  172  8:48  Drone, Grooved Spines  
  185  8:51  Drone  
  185  8:55  Roach x4  
  193  9:00  Drone  
  192  9:05  Hydralisk  
  192  9:06  Hydralisk x2  
  198  9:11  Overlord  
  198  9:16  Ravager  
  190  9:24  Hydralisk x2  
  190  9:25  Roach x2, Ravager  
  197  9:32  Overlord  
  197  9:33  Overlord  
  197  9:38  Overlord  
  197  9:43  Lurker Den  
  194  9:58  Hydralisk x4  
  200  10:02  Hatchery  
  200  10:05  Muscular Augments  
  199  10:21  Hydralisk x8  
  183  10:29  Hydralisk x2  
  183  10:30  Roach  
  183  10:31  Roach  
  185  10:37  Drone  
  185  10:42  Overlord  
  186  10:43  Extractor  
  181  10:50  Overseer  
  181  10:54  Overseer  
  181  11:00  Roach x11  
  181  11:01  Hatchery  
  166  11:07  Roach x2  
  166  11:09  Roach  
  166  11:10  Roach  
Show
View Real Time Build Order
Export as new Build Order

Reynor Zerg - Winner!

Build Orders: Hatch First 

Get SALT Encoding   

  12  0:00  Drone  
  13  0:12  Overlord  
  13  0:16  Drone  
  14  0:30  Drone x2  
  16  0:47  Hatchery  
  15  0:51  Drone  
  15  0:55  Drone  
  17  0:57  Drone  
  18  1:09  Extractor  
  17  1:13  Spawning Pool  
  17  1:15  Drone  
  17  1:19  Drone  
  18  1:27  Drone  
  19  1:38  Drone  
  20  1:49  Drone  
  21  2:00  Queen x2, Overlord  
  26  2:01  Zergling x2  
  26  2:10  Drone x2  
  26  2:13  Metabolic Boost  
  28  2:20  Drone  
  28  2:21  Drone  
  30  2:33  Hatchery  
  30  2:35  Zergling x2  
  31  2:37  Drone  
  31  2:42  Drone  
  31  2:43  Drone  
  33  2:54  Overlord  
  33  2:55  Drone  
  34  3:02  Baneling Nest  
  34  3:03  Drone  
  33  3:09  Zergling x4  
  35  3:13  Zergling x6  
  35  3:15  Drone  
  35  3:16  Overlord  
  35  3:19  Zergling x2  
  40  3:21  Drone  
  40  3:24  Queen  
  43  3:34  Drone  
  43  3:38  Drone  
  43  3:39  Overlord  
  43  3:40  Drone  
  46  3:42  Drone x2, Evolution Chamber  
  46  3:43  Drone  
  46  3:46  Drone x2  
  46  3:47  Baneling  
  46  3:48  Baneling  
  50  3:53  Drone  
  50  3:54  Drone x2  
  53  4:03  Drone x2  
  53  4:07  Overlord  
  53  4:09  Zerg Missile Weapons Level 1  
  55  4:12  Drone, Extractor  
  55  4:14  Roach Warren, Extractor  
  54  4:17  Drone x2  
  54  4:18  Drone  
  54  4:23  Drone x3  
  59  4:25  Drone  
  59  4:26  Drone  
  59  4:29  Drone x2  
  63  4:35  Lair  
  63  4:43  Drone  
  63  4:48  Drone x3  
  63  4:49  Overlord  
  66  4:54  Drone x2, Extractor  
  66  4:55  Drone x2  
  66  4:57  Extractor  
  66  4:58  Drone  
  69  5:00  Overlord  
  69  5:06  Drone  
  70  5:09  Drone x5  
  70  5:10  Pneumatized Carapace  
  70  5:12  Extractor  
  73  5:16  Drone x2, Overlord  
  73  5:17  Drone x2  
  77  5:23  Drone  
  77  5:24  Drone x3  
  81  5:34  Drone  
  81  5:35  Spire  
  81  5:37  Glial Reconstitution  
  81  5:39  Overseer, Hatchery  
  81  5:41  Roach x3  
  87  5:43  Roach  
  87  5:45  Roach x2  
  91  5:52  Roach x3  
  91  5:54  Overlord  
  97  5:57  Overlord  
  97  6:04  Zerg Missile Weapons Level 2  
  97  6:06  Overlord  
  97  6:08  Evolution Chamber  
  96  6:14  Roach x4  
  96  6:17  Overlord  
  104  6:19  Roach x4  
  104  6:23  Overlord  
  112  6:26  Drone x3  
  112  6:30  Overlord  
  112  6:31  Roach x3  
  121  6:37  Overlord  
  121  6:50  Mutalisk x6  
  121  6:52  Roach x2  
  121  6:54  Drone x2  
  139  6:56  Extractor  
  138  7:02  Roach, Zerg Ground Armor Level 1  
  138  7:03  Overlord  
  138  7:04  Drone x4  
  138  7:06  Roach x3  
  138  7:07  Extractor  
  149  7:10  Roach x2  
  149  7:12  Overlord  
  153  7:21  Roach x3  
  153  7:22  Overlord  
  158  7:30  Overlord  
  158  7:32  Drone x4  
  158  7:36  Drone x2  
  163  7:41  Roach x4  
  171  7:45  Overlord  
  171  7:47  Roach  
  171  7:48  Roach  
  175  7:52  Overlord  
  175  7:57  Ravager x2  
  177  8:01  Ravager x5  
  182  8:06  Roach x4  
  182  8:08  Infestation Pit, Overlord  
  193  8:13  Roach x4  
  195  8:22  Roach x2  
  183  8:27  Roach x4  
  183  8:28  Roach x4  
  183  8:32  Roach x4  
  193  8:39  Roach x6  
  192  8:41  Ravager x2  
  192  8:42  Ravager x2  
  192  8:43  Roach  
  198  8:55  Hive  
  198  9:02  Tunneling Claws  
  198  9:03  Burrow  
  198  9:05  Hatchery  
  198  9:08  Overseer  
  197  9:12  Overseer  
  197  9:13  Overseer  
  187  9:25  Roach x6  
  187  9:27  Overseer  
  196  9:54  Roach x2  
  184  10:04  Roach x9  
  200  10:18  Roach x11  
  200  10:20  Roach x2  
  200  10:21  Roach x5  
  200  10:22  Roach x2  
  200  10:26  Roach x5  
  195  10:34  Roach x22  
  199  10:48  Roach x4  
  195  10:51  Roach x2  
  199  11:00  Roach x4  
  197  11:05  Roach x2  
  197  11:11  Roach x4  

Tags
 
Add a new tag
Caveats
  • Supply blocks, unpowered buildings, or Contaminate may cause inaccurate times.
  • Supply counts are checked every 10 seconds.